omghax, neutral male scurrid Tourist ------------------------- |.......................| |.....................t.| -----...=..}}}}......B..(...------- --------- ....}}}..}}}}}}.......h..}}}}.... .}}}}}}}}| ..}}.}}}}....}?...}}}.%}}..}}} .}}}}}}...}}}| }............}}}}}.}}}...[.. }Y...x........}} .............}}.....(.... .l.}}.....%.... -.......................- ....}}}}...g...- |.........i..a..........| }....}}}.}....... ---------........}}}}a.a.}}.....--------- .?.}}..?}}...... |}}}..........}}}...<.a...}}}......}}}........}}}}}} |}}}}i.......}}}.............}...}}..}}}}}}.... }}}}}}}..}}}.}}}}}}.}f......}}}......}} }..}}}........}}}...}}}}..... -......u(q.....}}}i.....- |........f...........u..| |..v.....M@.............| ------------------------- omghax the Rambler Experience level: 1 Strength: 9 Dexterity: 10 Constitution: 14 Intelligence: 15 Wisdom: 12 Charisma: 15 Health: 0(9) Energy: 2(2) Def: 0 Gold: 322 Moves: 31 Dungeon seed: bczqjf-H58Kx495q Game ID: omghax_1498614454 Your Inventory: Coins $ - 322 gold pieces Weapons a - 35 uncursed +2 darts (in quiver) Armor e - an uncursed +0 Hawaiian shirt (being worn) Comestibles b - 6 uncursed chestnuts c - 2 uncursed food rations d - 3 uncursed fortune cookies f - an uncursed tripe ration g - an uncursed carrot Scrolls i - 4 uncursed scrolls of magic mapping Potions h - 2 uncursed potions of extra healing Wands l - an uncursed wand of secret door detection (0:14) Tools j - an uncursed expensive camera (0:99) k - an uncursed credit card m - an uncursed oil lamp (0:1433) Spells and supernatural/magical abilities: Name Level Category Fail Memory W - pray for help -- divine ? -- Your skills at the end: Miscellaneous Skills wands [Basic] Weapon Skills dart [Basic] Spellcasting Skills Final Attributes: You were devoutly aligned. You had infravision. You were very stealthy. You are dead. Vanquished creatures: a puppy Voluntary challenges: You went without food. You did not adorn yourself with jewelry or accessories. You did not cause conflict. You were not invisible. You did not have reflection. You were not displaced. You were an atheist. You never hit with a wielded weapon. You were a pacifist. You did not use tools. You did not use plumbed fixtures. You did not drink any magical draughts. You were illiterate. You never genocided any monsters. You never polymorphed an object. You never changed form. You used no wishes. You never split a pudding. You never wrote Elbereth's name. You never violated your personal moral code. Dungeon overview: The Dungeons of Doom: levels 1 to 13 Level 1 a long staircase Level 2 Level 3 Level 4 Level 5 Level 6 Level 7 Level 8 Level 9 Level 10 Level 11 Level 12 Level 13 <- You were here History has recorded: On T:1 you entered the Dungeons of Doom to retrieve the Amulet of Yendor! On T:4 you reached level 2 of The Dungeons of Doom. On T:7 you reached level 3 of The Dungeons of Doom. On T:9 you reached level 4 of The Dungeons of Doom. On T:11 you reached level 5 of The Dungeons of Doom. On T:13 you reached level 6 of The Dungeons of Doom. On T:16 you reached level 7 of The Dungeons of Doom. On T:18 you reached level 8 of The Dungeons of Doom. On T:20 you reached level 9 of The Dungeons of Doom. On T:22 you reached level 10 of The Dungeons of Doom. On T:26 you reached level 11 of The Dungeons of Doom. On T:28 you reached level 12 of The Dungeons of Doom. On T:31 you reached level 13 of The Dungeons of Doom. Score breakdown: Gold: 0 ( 0 points) Experience: 1 level ( 0 points) Exploration: 13 levels ( 360 points) Discoveries: 0 items ( 0 points) Variety of kills: 1 monster ( 50 points) Major goal: (nothing yet) ( 0 points) Survival: died (score multiplied by 3) Total score: 1230 Latest messages: You have no weapon equipped. You start digging downward. You continue digging downward. You dig a pit in the floor. You continue digging downward. You dig a hole through the floor. You fall through... You start digging downward. You continue digging downward. You dig a pit in the floor. You continue digging downward. You dig a hole through the floor. You fall through... You start digging downward. You continue digging downward. You dig a pit in the floor. You continue digging downward. You dig a hole through the floor. You fall through... The jaguar claws you! (2x) The jaguar bites! You die... Final status: Aloha omghax the Tourist, killed by a jaguar... You died in The Dungeons of Doom on dungeon level 13 with 1230 points, and 322 pieces of gold, after 31 moves. You were level 1 with a maximum of 9 hit points when you died.